 Dungeon Crawl Stone Soup version 0.22-a0-147-gfdd7f25 (webtiles) character file.

11855 tof the Basher (level 11, -6/97 (101) HPs)
             Began as a Minotaur Fighter on Feb 6, 2018.
             Was a High Priest of Okawaru.
             Mangled by Sonja
             ... wielding a +2 dagger of distortion
              (15 damage)
             ... on level 3 of the Lair of Beasts.
             The game lasted 00:22:33 (13253 turns).

tof the Basher (Minotaur Fighter)                  Turns: 13253, Time: 00:22:33

HP:   -6/97 (101)   AC: 20    Str: 22    XL:     11   Next: 54%
MP:   11/11         EV:  5    Int:  5    God:    Okawaru [*****.]
Gold: 667           SH: 18    Dex: 17    Spells: 10/10 levels left

rFire    + . .     SeeInvis .   a - +6 whip (elec)
rCold    . . .     Gourm    .   U - +0 large shield
rNeg     + . .     Faith    .   M - +6 chain mail of Ennui {*Drain +Fly rF+ Str+2}
rPois    .         Spirit   .   (helmet restricted)
rElec    .         Reflect  .   (no cloak)
rCorr    .         Harm     .   L - +0 pair of gloves
MR       .....                  s - +0 pair of boots
Stlth    ..........             (no amulet)
HPRegen  0.26/turn              G - ring of positive energy
MPRegen  0.12/turn              m - +3 ring of dexterity

@: lethally poisoned (-6 -> -13), slowed, very slow
A: retaliatory headbutt, horns 2
a: Heroism, Finesse, Renounce Religion, Evoke Flight


You were on level 3 of the Lair of Beasts.
You worshipped Okawaru.
Okawaru was extremely pleased with you.
You were hungry.

You visited 3 branches of the dungeon, and saw 14 of its levels.

You collected 667 gold pieces.

Inventory:

Hand Weapons
 a - a +6 whip of electrocution (weapon)
 b - a +1 flail of holy wrath
 x - the +7 war axe "Killer Klown's Regret" {flame, Str+3}
   (You found it on level 3 of the Lair of Beasts)

   It has been specially enchanted to burn those struck by it, causing extra
   injury to most foes and up to half again as much damage against particularly
   susceptible opponents.
   Big, fiery blades are also staple armaments of hydra-hunters.
   It affects your strength (+3).
Missiles
 K - a javelin (quivered)
Armour
 c - a +0 shield
 s - a +0 pair of boots (worn)
 L - a +0 pair of gloves (worn)
 M - the +6 chain mail of Ennui (worn) {*Drain +Fly rF+ Str+2}
   (You found it on level 9 of the Dungeon)

   It affects your strength (+2).
   It protects you from fire.
   It lets you fly.
   It causes draining when unequipped.
 U - a +0 large shield (worn)
Jewellery
 m - a +3 ring of dexterity (right hand)
 o - an uncursed ring of flight
 G - a ring of positive energy (left hand)
Wands
 j - a wand of paralysis (14)
 k - a wand of enslavement (14)
 y - a wand of acid (9)
 D - a wand of iceblast (7)
 N - a wand of flame (26)
 P - a wand of digging (7)
Scrolls
 e - 5 scrolls of amnesia
 g - a scroll of blinking
 h - 7 scrolls of teleportation
 n - 5 scrolls of remove curse
 r - 3 scrolls of enchant weapon
 v - 3 scrolls of fear
 E - a scroll of enchant armour
 I - 4 scrolls of magic mapping
 O - a scroll of identify
Potions
 d - 4 potions of might
 i - 2 potions of lignification
 l - a potion of resistance {unknown}
 p - a potion of cancellation {unknown}
 q - 3 potions of heal wounds {unknown}
 t - 2 potions of mutation {unknown}
 u - 4 potions of curing {unknown}
 z - a potion of flight {unknown}
 A - 3 potions of agility {unknown}
 B - 4 potions of brilliance {unknown}
 F - 4 potions of magic {unknown}
 H - 2 potions of berserk rage {unknown}
 J - 2 potions of haste
 W - a potion of ambrosia {unknown}
Books
 w - a book of Cantrips

   Spells                             Type                      Level
   a - Confusing Touch                Hexes                        1
   b - Animate Skeleton               Necromancy                   1
   c - Summon Small Mammal            Summoning                    1
   d - Apportation                    Translocation                1
Miscellaneous
 Y - a phial of floods
Comestibles
 f - 24 rations
 Z - 7 chunks of flesh


   Skills:
 + Level 10.4 Fighting
 * Level 13.5 Maces & Flails
 + Level 10.4 Armour
 + Level 10.4 Shields
 + Level 2.4 Invocations


You had 10 spell levels left.
You didn't know any spells.

Dungeon Overview and Level Annotations

Branches:
Dungeon (10/15)            Temple (1/1) D:5            Lair (3/6) D:9
 Spider (0/4) Lair:2          Orc (0/2) D:9
  Swamp: Lair:2-4    Shoals: Lair:2-4

Altars:
Cheibriados
Fedhas
Gozag
Kikubaaqudgha
Okawaru
Ru
Sif Muna
Trog
Wu Jian
Xom
Yredelemnul
Zin

Shops:
D:4 :

Annotations:
D:8 2 transporters
Lair:3 Sonja


Innate Abilities, Weirdness & Mutations

You reflexively headbutt those who attack you in melee.
You have a pair of horns on your head.


Message History

Space bends around you.
* * * LOW HITPOINT WARNING * * *
You block Sonja's attack. x3; Sonja barely misses you.
Sonja hits you but does no damage. Space bends around you.
* * * LOW HITPOINT WARNING * * *
You closely miss Sonja. Your headbutt misses Sonja.
Sonja is heavily wounded.
You feel sick.
Sonja casts a spell.
Sonja blinks!
You feel sick.
Found 19 arrows.
You feel sick.
You block Sonja's attack. x2; Sonja closely misses you.
Sonja hits you but does no damage. Space bends around you.
* * * LOW HITPOINT WARNING * * *
Sonja hits you but does no damage. Space bends around you.
* * * LOW HITPOINT WARNING * * *
Sonja closely misses you. You block Sonja's attack. x2
Sonja hits you but does no damage. Space warps horribly around you!
You die...

......#...P##P........
......###.####P.......
......# #'###P........
......###..+.......P#
............##.....## #.
......##..####....## ..(
......##### #.....P#....
...).....#####..K.......
................@.##P.
..... ........(....# #
.... ............## ....
............(..(.. ....
..............((.. ....
..#####........... ....
# #.......###. ....
#......#.# ....
.......###


You could see Sonja.

Vanquished Creatures
  Fannar (Lair:2)
  A two-headed ogre (D:9)
  The ghost of SnubMonkey the Carver, a novice DsBe of Trog (D:8)
  Pikel (D:5)
  A black mamba (Lair:1)
  3 komodo dragons
  2 kobold demonologists (D:6)
  2 hornets (D:9)
  2 hippogriffs
  A human (D:2)
  A tarantella (Lair:2)
  A wyvern (Lair:2)
  9 yaks
  2 soldier ants (D:9)
  2 orc warriors (D:9)
  2 sky beasts
  2 porcupines
  A swamp drake (D:9)
  2 ice beasts
  2 black bears (Lair:3)
  An ogre (D:7)
  10 wolves
  2 necrophages
  A centaur (D:5)
  3 crocodiles
  7 bullfrogs
  3 big kobolds (D:6)
  A gnoll sergeant (D:9)
  5 killer bees (D:8)
  9 howler monkeys
  8 crimson imps
  A bullfrog zombie (D:9)
  A centaur skeleton (D:7)
  3 hounds
  9 orc priests
  An iron imp (D:7)
  2 jellies
  3 orc wizards
  Ijyb (D:2)
  A bullfrog skeleton (D:7)
  2 iguanas
  Natasha (thrice) (D:3)
  5 worker ants
  12 gnolls
  A howler monkey skeleton (D:5)
  9 adders
  3 shadow imps
  An adder skeleton (D:9)
  An adder zombie (D:8)
  4 worms
  5 dart slugs
  6 leopard geckos
  29 orcs
  12 bats
  4 giant cockroaches
  5 goblins
  6 hobgoblins
  7 jackals
  4 quokkas
  3 ball pythons
  4 frilled lizards
  A goblin skeleton (D:2)
  6 kobolds
  A kobold skeleton (D:2)
  2 leopard gecko skeletons
  2 quokka skeletons (D:8)
  9 rats
258 creatures vanquished.

Vanquished Creatures (others)
  Sigmund (D:5)
  A necrophage (D:5)
  An orc wizard (D:5)
  4 orcs (D:5)
7 creatures vanquished.

Grand Total: 265 creatures vanquished

Notes
Turn   | Place    | Note
-------+----------+-------------------------------------------
     0 | D:1      | tof the Minotaur Fighter began the quest for the Orb.
     0 | D:1      | Reached XP level 1. HP: 19/19 MP: 0/0
   145 | D:1      | Reached XP level 2. HP: 24/27 MP: 1/1
   155 | D:1      | Reached skill level 3 in Maces & Flails
   526 | D:1      | Reached XP level 3. HP: 30/33 MP: 2/2
   980 | D:2      | Reached skill level 4 in Maces & Flails
   980 | D:2      | Reached XP level 4. HP: 37/40 MP: 3/3
  1228 | D:2      | Found a runed door.
  1228 | D:2      | Noticed a human
  1236 | D:2      | Found a basalt altar of Yredelemnul.
  1278 | D:2      | Killed a human
  1278 | D:2      | Reached skill level 5 in Maces & Flails
  1278 | D:2      | Reached XP level 5. HP: 32/47 MP: 4/4
  1484 | D:3      | Reached XP level 6. HP: 51/55 MP: 5/5
  1896 | D:3      | Reached skill level 5 in Armour
  1896 | D:3      | Reached skill level 5 in Shields
  1996 | D:3      | Noticed Ijyb
  2000 | D:3      | Reached skill level 5 in Fighting
  2002 | D:3      | Paralysed by Ijyb for 3 turns
  2093 | D:2      | Paralysed by Ijyb for 5 turns
  2100 | D:2      | Killed Ijyb
  2930 | D:3      | Noticed Natasha
  2932 | D:3      | Killed Natasha
  2996 | D:3      | Noticed Natasha
  3003 | D:3      | Killed Natasha
  3003 | D:3      | Reached skill level 6 in Maces & Flails
  3067 | D:3      | Noticed Natasha
  3084 | D:3      | Killed Natasha
  3084 | D:3      | Reached XP level 7. HP: 51/61 MP: 6/6
  3748 | D:4      | Found Cusmigel's Book Emporium.
  4687 | D:5      | Entered Level 5 of the Dungeon
  4812 | D:5      | Reached skill level 7 in Maces & Flails
  4818 | D:5      | Reached XP level 8. HP: 48/66 MP: 7/7
  5042 | D:5      | Noticed Pikel
  5060 | D:5      | HP: 3/66 [Pikel/whip of electrocution (6)]
  5062 | D:5      | Killed Pikel
  5062 | D:5      | Reached skill level 8 in Maces & Flails
  5106 | D:5      | Killed Sigmund
  5376 | D:5      | Found a staircase to the Ecumenical Temple.
  5382 | Temple   | Entered the Ecumenical Temple
  5403 | Temple   | Became a worshipper of Warmaster Okawaru
  5929 | D:6      | Noticed a kobold demonologist
  5933 | D:6      | Noticed a kobold demonologist
  6076 | D:6      | Noticed a red devil
  6081 | D:6      | Killed a kobold demonologist
  6081 | D:6      | Reached skill level 9 in Maces & Flails
  6458 | D:6      | Killed a kobold demonologist
  6458 | D:6      | Reached * piety under Okawaru
  6458 | D:6      | Reached XP level 9. HP: 73/75 MP: 8/8
  6877 | D:7      | Reached ** piety under Okawaru
  7270 | D:7      | Found a bloodstained altar of Trog.
  7512 | D:7      | Reached skill level 10 in Maces & Flails
  8120 | D:7      | Found a snail-covered altar of Cheibriados.
  8212 | D:8      | Found a transporter.
  8212 | D:8      | Noticed a komodo dragon
  8278 | D:8      | Found a transporter.
  8278 | D:8      | Noticed a cyclops
  8279 | D:8      | Noticed an orc knight
  8334 | D:8      | Found a glowing silver altar of Zin.
  8904 | D:8      | Noticed SnubMonkey's ghost (novice DsBe)
  8912 | D:8      | Killed SnubMonkey's ghost
  8912 | D:8      | Reached *** piety under Okawaru
  8912 | D:8      | Reached skill level 11 in Maces & Flails
  8912 | D:8      | Reached XP level 10. HP: 73/86 MP: 6/9
  9376 | D:9      | Found a staircase to the Lair.
  9405 | D:9      | Noticed a two-headed ogre
  9417 | D:9      | Killed a two-headed ogre
  9417 | D:9      | Reached **** piety under Okawaru
  9628 | D:9      | Found a shimmering altar of Xom.
  9637 | D:9      | Reached skill level 12 in Maces & Flails
  9640 | D:9      | Found a basalt altar of Yredelemnul.
  9863 | D:9      | Found an ornate altar of the Wu Jian Council.
  9864 | D:9      | Found an opulent altar of Gozag.
  9864 | D:9      | Found a deep blue altar of Sif Muna.
  9896 | D:9      | Got a slimy chain mail
  9907 | D:9      | Identified the +6 chain mail of Ennui {*Drain +Fly rF+ Str+2} (You found it on level 9 of the Dungeon)
 10004 | D:9      | Reached ***** piety under Okawaru
 10489 | D:9      | Got a polished animal skin
 10508 | D:9      | Found a staircase to the Orcish Mines.
 10524 | D:9      | Received a gift from Okawaru
 10666 | D:9      | Paralysed by a hornet for 3 turns
 11080 | D:10     | Entered Level 10 of the Dungeon
 11191 | Lair:1   | Entered Level 1 of the Lair of Beasts
 11278 | Lair:1   | Reached XP level 11. HP: 91/95 MP: 10/10
 11604 | Lair:1   | Reached skill level 10 in Shields
 11607 | Lair:1   | Reached skill level 10 in Armour
 11905 | Lair:2   | Reached skill level 10 in Fighting
 11911 | Lair:2   | Reached skill level 13 in Maces & Flails
 11926 | Lair:2   | Reached skill level 1 in Invocations
 12387 | Lair:2   | Found a hole to the Spider Nest.
 12449 | Lair:2   | Noticed Fannar
 12466 | Lair:2   | Killed Fannar
 12466 | Lair:2   | Received a gift from Okawaru
 13174 | Lair:3   | Got an ancient war axe
 13175 | Lair:3   | Identified the +7 war axe "Killer Klown's Regret" {flame, Str+3} (You found it on level 3 of the Lair of Beasts)
 13242 | Lair:3   | Noticed Sonja
 13253 | Lair:3   | Mangled by Sonja

Vault maps used:
D:1:      dpeg_arrival_three_bigger_balls, hangedman_decor_growths,
          minmay_pentomino_u2
D:2:      dk_yredelemnul_ordeal
D:3:      uniq_ijyb, uniq_natasha
D:4:      serial_shops, shop, first_ration, kennysheep_boxes
D:5:      minmay_temple_entry_statues_pillars, uniq_pikel, uniq_sigmund
D:6:      minmay_crystal_room
D:7:      slow_altar_2, kennysheep_mini, kennysheep_another_room
D:8:      gammafunk_sealed_arena, basic_altar
D:9:      grunt_temple_overflow_open, lair_entry_dummy, erik_orc_1,
          hangedman_pestilent_swarm
D:10:     lemuel_centaur_altar
Temple:   regret_index_temple_waves
Lair:1:   grunt_forest_small_clearing_treed, infiniplex_staircase_pool_2
Lair:2:   spider_nest_entry_rubble, grunt_megastairs_5,
          infiniplex_staircase_pool, uniq_fannar
Lair:3:   beast_lair_carwin_large_3, uniq_sonja

Skill      XL: |  1  2  3  4  5  6  7  8  9 10 11 |
---------------+----------------------------------+-----
Maces & Flails | 3 4 5 6 7 9 11 12 13 | 13.5
Armour         | 4 5 6 7 8 9 10 | 10.4
Shields        | 4 5 6 7 8 9 10 | 10.4
Fighting       | 4 5 6 7 8 9 10 | 10.4
Invocations    | 2 |  2.4

Action                   |  1- 3 |  4- 6 |  7- 9 | 10-12 || total
-------------------------+-------+-------+-------+-------++-------
Melee: Flail             |   127 |   133 |    70 |       ||   330
       Headbutt          |    11 |    28 |    63 |    63 ||   165
       Whip              |       |       |   256 |   316 ||   572
Throw: Tomahawk          |       |       |       |     3 ||     3
       Javelin           |       |       |       |     1 ||     1
       Throwing net      |       |       |       |     1 ||     1
Invok: Heroism           |       |       |     1 |     4 ||     5
       Finesse           |       |       |       |     2 ||     2
  Use: Scroll            |       |       |    18 |     3 ||    21
 Stab: Sleeping          |       |       |     2 |       ||     2
  Eat: Chunk             |       |     6 |    11 |     8 ||    25
       Ration            |       |       |     2 |     2 ||     4
Armor: Scale mail        |    70 |    49 |    10 |       ||   129
       Ring mail         |       |       |    70 |    19 ||    89
       Chain mail        |       |       |       |    99 ||    99
Dodge: Dodged            |    46 |    30 |    73 |    52 ||   201
Block: Shield            |    67 |    79 |   124 |    91 ||   361
       Large shield      |       |       |       |   115 ||   115

Table legend:
 A = Spawn XP
 B = Non-spawn XP
 C = Spawn XP percentage of total XP
 D = Spawn monster count
 E = Non-spawn monster count
 F = Spawn count percentage of total count
 G = Total turns spent on level
                    A         B        C        D         E        F      G
               +---------+---------+-------+---------+---------+-------+---------
         Total |       0 |   16936 |   0.0 |       0 |     258 |   0.0 | 13253
               +---------+---------+-------+---------+---------+-------+---------
           D:1 |       0 |      69 |   0.0 |       0 |      34 |   0.0 |   899
           D:2 |       0 |     417 |   0.0 |       0 |      29 |   0.0 |  1480
           D:3 |       0 |     423 |   0.0 |       0 |      25 |   0.0 |  1369
           D:4 |       0 |      85 |   0.0 |       0 |       7 |   0.0 |   939
           D:5 |       0 |    1162 |   0.0 |       0 |      10 |   0.0 |  1158
           D:6 |       0 |    1358 |   0.0 |       0 |      21 |   0.0 |   968
           D:7 |       0 |     935 |   0.0 |       0 |      29 |   0.0 |  1358
           D:8 |       0 |    1401 |   0.0 |       0 |      18 |   0.0 |   942
           D:9 |       0 |    4554 |   0.0 |       0 |      51 |   0.0 |  1953
          D:10 |       0 |       3 |   0.0 |       0 |       1 |   0.0 |    84
        Lair:1 |       0 |    1663 |   0.0 |       0 |       9 |   0.0 |   705
        Lair:2 |       0 |    4264 |   0.0 |       0 |      19 |   0.0 |  1193
        Lair:3 |       0 |     602 |   0.0 |       0 |       5 |   0.0 |   164
               +---------+---------+-------+---------+---------+-------+---------
